 Dungeon Crawl Stone Soup version 0.23-a0-704-g7fdf9c5 (webtiles) character file.

165 Lanoc the Shield-Bearer (level 5, -11/47 HPs)
             Began as a Gnoll Fighter on Jan 15, 2019.
             Killed by divine providence
             ... invoked by an orc priest
              (13 damage)
             ... on level 3 of the Dungeon.
             The game lasted 00:02:05 (1034 turns).

Lanoc the Shield-Bearer (Gnoll Fighter)             Turns: 1034, Time: 00:02:06

Health: -11/47     AC:  7    Str: 24    XL:     5   Next: 46%
Magic:  7/7        EV:  8    Int: 11    God:
Gold:   122        SH: 10    Dex: 14    Spells: 6/6 levels left

rFire    . . .     SeeInvis .   j - +2 spear (pierce)
rCold    . . .     Gourm    .   c - +0 shield
rNeg     . . .     Faith    .   b - +0 scale mail
rPois    .         Spirit   .   (no helmet)
rElec    .         Reflect  .   (no cloak)
rCorr    .         Harm     .   (no gloves)
MR       .....                  (no boots)
Stlth    ..........             (no amulet)
HPRegen  0.15/turn              (no ring)
MPRegen  0.10/turn              (no ring)

@: mighty, drained
A: distributed training, fangs 1, strong nose
a: no special abilities


You were on level 3 of the Dungeon.
You were not hungry.

You visited 1 branch of the dungeon, and saw 3 of its levels.

You collected 122 gold pieces.

Inventory:

Hand Weapons
 j - a +2 spear of piercing (weapon)
Armour
 b - a +0 scale mail (worn)
 c - a +0 shield (worn)
Scrolls
 e - 2 scrolls of noise {unknown}
 g - 2 scrolls of enchant weapon {unknown}
 h - 4 scrolls of fear {unknown}
 m - a scroll of immolation {unknown}
 n - 3 scrolls of identify {unknown}
Potions
 a - 2 potions of curing {unknown}
 i - 2 potions of lignification {unknown}
 k - 2 potions of brilliance {unknown}
 l - a potion of haste {unknown}
 o - a potion of degeneration {unknown}
Comestibles
 f - 4 rations
 p - 2 chunks of flesh


   Skills:
 + Level 6.7(5.5) Fighting
 + Level 1.4(0.4) Short Blades
 + Level 4.8(3.7) Long Blades
 + Level 1.4(0.4) Axes
 + Level 1.4(0.4) Maces & Flails
 + Level 1.4(0.4) Polearms
 + Level 1.4(0.4) Staves
 + Level 1.4(0.4) Slings
 + Level 1.4(0.4) Bows
 + Level 1.4(0.4) Crossbows
 + Level 1.4(0.4) Throwing
 + Level 6.7(5.5) Armour
 + Level 1.4(0.4) Dodging
 + Level 1.4(0.4) Stealth
 + Level 6.7(5.5) Shields
 + Level 1.4(0.4) Unarmed Combat
 + Level 1.4(0.4) Spellcasting
 + Level 1.1(0.2) Conjurations
 + Level 1.1(0.2) Hexes
 + Level 1.1(0.2) Charms
 + Level 1.1(0.2) Summonings
 + Level 1.1(0.2) Necromancy
 + Level 1.1(0.2) Translocations
 + Level 1.1(0.2) Transmutations
 + Level 1.1(0.2) Fire Magic
 + Level 1.1(0.2) Ice Magic
 + Level 1.1(0.2) Air Magic
 + Level 1.1(0.2) Earth Magic
 + Level 1.1(0.2) Poison Magic
 + Level 1.6(0.6) Invocations
 + Level 1.4(0.4) Evocations


You had 6 spell levels left.
You didn't know any spells.
Your spell library was empty.

Dungeon Overview and Level Annotations

Branches:
Dungeon (3/15)

Altars:


Innate Abilities, Weirdness & Mutations

Your experience applies equally to all skills.
You have very sharp teeth.
Your uncanny sense of smell can sniff out nearby items.


Message History

* * * LOW HITPOINT WARNING * * *
The orc hits you with a +0 flail!
* * * LOW HITPOINT WARNING * * *
The kobold throws a stone.
The stone barely misses you.
You feel very mighty all of a sudden. You block the orc priest's attack.
The kobold throws a stone.
The stone hits you.
* * * LOW HITPOINT WARNING * * *
The orc closely misses you. The orc completely misses you.
The kobold throws a stone.
You block the stone.
You see here a stone.
The kobold throws a stone.
The stone closely misses you.
You see here a stone.
Your scale mail prevents you from hitting the orc.
You block the orc's attack.
You puncture the orc!
You kill the orc!
The orc priest mumbles some strange prayers to Beogh against you.
Beogh smites you!
You die...

#∆ #.## ##.#.. #.
#..###.##.# ###
#.##.#.#.###.## ..#
#.............######## #.#
###.#.#.####..#......#
#.####.###.............#
...)....#.#.####....##....
#.####.#.##.#####†..# #
..# #.####.....@o..####.#
### #.# ########or.K...#
#.# #)..###### #.# #...#
... #...# .# #.r.# #...#
..... ..<..


You could see an orc priest, an orc, a quokka and a kobold.

Vanquished Creatures
  An orc priest (D:3)
  A centaur skeleton (D:2)
  An orc wizard (D:3)
  3 adders (D:2)
  2 oozes
  A dart slug (D:2)
  2 leopard geckos (D:2)
  5 orcs (D:3)
  A bat (D:3)
  2 giant cockroaches (D:2)
  2 goblins (D:2)
  2 hobgoblins
  3 jackals (D:1)
  3 frilled lizards
  6 kobolds
  10 rats
45 creatures vanquished.

Notes
Turn   | Place    | Note
-------+----------+-------------------------------------------
     0 | D:1      | Lanoc the Gnoll Fighter began the quest for the Orb.
     0 | D:1      | Reached XP level 1. HP: 23/23 MP: 1/1
    51 | D:1      | Reached XP level 2. HP: 26/29 MP: 2/2
   559 | D:2      | Reached skill level 1 in Invocations
   559 | D:2      | Reached XP level 3. HP: 35/35 MP: 2/4
   596 | D:2      | Reached skill level 1 in Short Blades
   596 | D:2      | Reached skill level 1 in Axes
   596 | D:2      | Reached skill level 1 in Maces & Flails
   596 | D:2      | Reached skill level 1 in Polearms
   596 | D:2      | Reached skill level 1 in Staves
   596 | D:2      | Reached skill level 1 in Slings
   596 | D:2      | Reached skill level 1 in Bows
   596 | D:2      | Reached skill level 1 in Crossbows
   596 | D:2      | Reached skill level 1 in Throwing
   596 | D:2      | Reached skill level 1 in Dodging
   596 | D:2      | Reached skill level 1 in Stealth
   596 | D:2      | Reached skill level 1 in Unarmed Combat
   596 | D:2      | Reached skill level 1 in Spellcasting
   596 | D:2      | Reached skill level 1 in Evocations
   596 | D:2      | Reached XP level 4. HP: 41/41 MP: 5/5
   830 | D:2      | Reached skill level 1 in Conjurations
   830 | D:2      | Reached skill level 1 in Hexes
   830 | D:2      | Reached skill level 1 in Charms
   830 | D:2      | Reached skill level 1 in Summonings
   830 | D:2      | Reached skill level 1 in Necromancy
   830 | D:2      | Reached skill level 1 in Translocations
   830 | D:2      | Reached skill level 1 in Transmutations
   830 | D:2      | Reached skill level 1 in Fire Magic
   830 | D:2      | Reached skill level 1 in Ice Magic
   830 | D:2      | Reached skill level 1 in Air Magic
   830 | D:2      | Reached skill level 1 in Earth Magic
   830 | D:2      | Reached skill level 1 in Poison Magic
   976 | D:3      | Reached XP level 5. HP: 32/47 MP: 5/7
  1030 | D:3      | HP: 1/47 [kobold/stone (2)]
  1034 | D:3      | Killed from afar by an orc priest

Vault maps used:
D:1:      saegor_arrival_miasma
D:3:      uniq_ijyb, uniq_terence

Skill      XL: |  1  2  3  4 |
---------------+-------------+-----
Invocations    | 1 |  1.6
Short Blades   | 1 |  1.4
Axes           | 1 |  1.4
Maces & Flails | 1 |  1.4
Polearms       | 1 |  1.4
Staves         | 1 |  1.4
Slings         | 1 |  1.4
Bows           | 1 |  1.4
Crossbows      | 1 |  1.4
Throwing       | 1 |  1.4
Dodging        | 1 |  1.4
Stealth        | 1 |  1.4
Unarmed Combat | 1 |  1.4
Spellcasting   | 1 |  1.4
Evocations     | 1 |  1.4
Conjurations   | 1 |  1.1
Hexes          | 1 |  1.1
Charms         | 1 |  1.1
Summonings     | 1 |  1.1
Necromancy     | 1 |  1.1
Translocations | 1 |  1.1
Transmutations | 1 |  1.1
Fire Magic     | 1 |  1.1
Ice Magic      | 1 |  1.1
Air Magic      | 1 |  1.1
Earth Magic    | 1 |  1.1
Poison Magic   | 1 |  1.1
Fighting       | |  6.7
Long Blades    | |  4.8
Armour         | |  6.7
Shields        | |  6.7

Action                   |  1- 3 |  4- 6 || total
-------------------------+-------+-------++-------
Melee: Long sword        |    35 |       ||    35
       Spear             |    15 |    73 ||    88
       Bite              |     7 |     2 ||     9
  Use: Potion            |       |     1 ||     1
  Eat: Chunk             |       |     1 ||     1
Armor: Scale mail        |    26 |    15 ||    41
Dodge: Dodged            |    10 |    18 ||    28
Block: Shield            |    25 |    25 ||    50
       Rpst.: Long sword |     3 |       ||     3

Table legend:
 A = Non-vault XP
 B = Vault XP
 C = Vault XP percentage of total XP
 D = Non-vault monster count
 E = Vault monster count
 F = Vault count percentage of total count
                 A         B        C        D         E       F
            +---------+---------+-------+---------+---------+-------
      Total |     237 |       0 |   0.0 |      45 |       0 |   0.0
            +---------+---------+-------+---------+---------+-------
        D:1 |      27 |       0 |   0.0 |      14 |       0 |   0.0
        D:2 |     116 |       0 |   0.0 |      23 |       0 |   0.0
        D:3 |      94 |       0 |   0.0 |       8 |       0 |   0.0
            +---------+---------+-------+---------+---------+-------
